AoeStats
← hdwnk

Oasis

510174302Analyzed
3v3 RM · 3d ago on Sep 29, 2026· 45m 13s· 6 players
Game mode
Random Map
Map size
Normal (6 player)
Population
200
Speed
Normal
Resources
Standard
Victory
Conquest
Starting age
Dark Age
Ending age
Imperial Age
RankedLock teamsTeams togetherTeam positionsShared explorationLock speedFull tech treeHidden civsTurbo modeCheats
Victory
Defeat
🇮🇹 Ethiopians · Italy
821
+17
🇲🇽 Cumans · Mexico
769
+19
🇫🇷 Britons · France
734
+22
🇱🇻 Khmer · Latvia
884
-21
🇧🇾 Saxons · Belarus
868
-20
🇨🇦 Teutons · Canada
787
-17
ML5
13:27 Feudal Age
17:31 Castle Age
17:17 Horse Collar
17:30 Double-Bit Axe
23:01 Wheelbarrow
25:49 Heavy Plow
28:08 Bow Saw
28:48 Gold Mining
29:45 Scale Mail Armor
29:55 Forging
33:27 Imperial Age
31:16 Hand Cart
32:50 Loom
33:32 Ballistics
34:31 Conscription
35:14 Chemistry
34:20 Siege Engineers
33:41 Heavy Scorpion
35:41 Squires
37:18 Torsion Engines
38:18 Chain Mail Armor
38:44 Iron Casting
41:34 Elite Shotel Warrior
45:53 Plate Mail Armor
Rdal4
6:29 Loom
11:46 Feudal Age
13:01 Double-Bit Axe
13:23 Horse Collar
18:46 Castle Age
19:09 Forging
18:59 Scale Mail Armor
19:44 Gold Mining
22:13 Gold Shaft Mining
21:38 Stone Mining
23:31 Iron Casting
29:01 Chain Mail Armor
28:36 Fletching
28:46 Padded Archer Armor
28:53 Padded Archer Armor
32:01 Ballistics
32:47 Wheelbarrow
31:58 Town Watch
32:15 Heavy Plow
32:32 Leather Archer Armor
32:51 Bodkin Arrow
33:17 Town Patrol
34:12 Hand Cart
37:19 Imperial Age
36:21 Yeomen
37:44 Elite Longbowman
38:45 Conscription
39:22 Hoardings
40:41 Gold Shaft Mining
41:12 Blast Furnace
40:42 Plate Mail Armor
40:43 Ring Archer Armor
40:23 Bracer
41:44 Chemistry
j.quintero_1988
0:59 Loom
12:39 Feudal Age
14:58 Horse Collar
15:08 Double-Bit Axe
23:15 Castle Age
23:51 Capped Ram
25:48 Arson
26:04 Squires
26:06 Pikeman
28:31 Fletching
30:06 Wheelbarrow
30:59 Ballistics
35:49 Imperial Age
34:08 Steppe Husbandry
36:58 Conscription
36:05 Halberdier
38:31 Scale Mail Armor
39:12 Bodkin Arrow
41:04 Chain Mail Armor
41:28 Fervor
41:27 Padded Archer Armor
41:39 Forging
44:04 Iron Casting
44:01 Plate Mail Armor
45:03 Chemistry
n0m3
3:42 Loom
10:57 Feudal Age
14:43 Wheelbarrow
16:13 Double-Bit Axe
19:17 Castle Age
20:27 Scale Barding Armor
20:33 Forging
24:47 Stone Mining
26:22 Squires
26:32 Horse Collar
27:42 Stone Shaft Mining
29:43 Bow Saw
29:27 Gold Mining
30:06 Hand Cart
30:33 Heavy Plow
35:12 Imperial Age
34:46 Bloodlines
35:00 Chain Barding Armor
35:16 Iron Casting
34:41 Scale Mail Armor
35:18 Capped Ram
36:52 Plate Barding Armor
37:01 Cavalier
Khan Cataphract
12:24 Feudal Age
13:34 Horse Collar
13:47 Double-Bit Axe
18:32 Castle Age
21:13 Forging
21:03 Scale Mail Armor
32:22 Chain Mail Armor
33:49 Wheelbarrow
33:14 Heavy Plow
34:05 Iron Casting
34:51 Hand Cart
36:17 Caravan
36:51 Gambesons
37:06 Squires
36:52 Arson
40:12 Imperial Age
37:51 Loom
41:16 Conscription
40:16 Shield Wall
40:25 Shield Wall
41:50 Plate Mail Armor
41:17 Elite Hearth Troop
42:48 Bow Saw
hdwnk
0:35 Loom
14:31 Feudal Age
14:56 Horse Collar
15:52 Double-Bit Axe
19:39 Castle Age
17:44 Stone Mining
17:56 Gold Mining
21:35 Stone Shaft Mining
21:32 Heavy Plow
23:51 Bow Saw
27:04 Gold Shaft Mining
34:10 Ballistics
33:46 Murder Holes
34:02 Fortified Wall
34:03 Masonry
36:31 Imperial Age
34:42 Wheelbarrow
33:54 Town Watch
34:38 Caravan
36:01 Fletching
37:35 Double Crossbow
36:56 Elite Ballista Elephant
38:12 Hoardings
37:58 Conscription
38:11 Architecture
38:53 Chemistry
38:27 Siege Engineers
38:31 Bodkin Arrow
39:50 Crop Rotation
44:30 Heavy Scorpion
Connection lost

Rejoining the realm…

Still unreachable

The connection could not be restored.

Session expired

The server has moved on; the page needs a fresh start.